AoeStats
← scottysimo

Arabian Desert

508956441Analyzed
1v1 RM · 6d ago on Sep 24, 2026· 34m 0s· 2 players
Game mode
Random Map
Map size
Tiny (2 player)
Population
200
Speed
Normal
Resources
Standard
Victory
Conquest
Starting age
Dark Age
Ending age
Imperial Age
RankedLock teamsTeams togetherTeam positionsShared explorationLock speedFull tech treeHidden civsTurbo modeCheats
Victory
Defeat
888
+17
🇬🇧 Inca · United Kingdom
916
-17
Juan Daniel Medina Jimenez
12:43 Feudal Age
12:18 Loom
12:47 Man-at-Arms
13:15 Arson
14:26 Wheelbarrow
18:25 Forging
19:13 Scale Mail Armor
23:03 Horse Collar
27:35 Castle Age
27:39 Eagle Warrior
28:38 Chain Mail Armor
28:27 Squires
27:53 Long Swordsman
30:55 Iron Casting
32:34 Gambesons
32:55 Double-Bit Axe
33:13 Heavy Plow
33:07 Fletching
33:17 Padded Archer Armor
scottysimo
10:06 Feudal Age
8:25 Loom
13:29 Champi Runner
16:57 Forging
16:48 Scale Mail Armor
22:52 Castle Age
22:25 Wheelbarrow
23:55 Double-Bit Axe
24:56 Iron Casting
24:37 Chain Mail Armor
30:13 Town Watch
33:06 Hand Cart
Connection lost

Rejoining the realm…

Still unreachable

The connection could not be restored.

Session expired

The server has moved on; the page needs a fresh start.